 Dungeon Crawl Stone Soup version 0.29-a0-352-g0917bc69df (webtiles) character file.

Game seed: 17580922387401228007

18 sammy202020 the Skirmisher (level 2, -3/36 HPs)
             Began as a Demonspawn Berserker on Apr 24, 2022.
             Was a Follower of Trog.
             Slain by a gnoll
             ... wielding a +0 halberd
              (7 damage)
             ... on level 2 of the Dungeon.
             The game lasted 00:00:53 (1278 turns).

sammy202020 the Skirmisher (Demonspawn Berserker)   Turns: 1278, Time: 00:00:53

Health: -3/36      AC:  2    Str: 17    XL:     2   Next: 51%
Magic:  0/2        EV: 12    Int:  8    God:    Trog [*.....]
Gold:   64         SH:  0    Dex: 12    Spells: 1/1 levels left

rFire   . . .      SeeInvis .   a - +0 hand axe
rCold   . . .      Faith    .   (no shield)
rNeg    . . .      Spirit   +   b - +0 animal skin
rPois   .          Reflect  .   (no helmet)
rElec   .          Harm     .   (no cloak)
rCorr   .          Rampage  .   (no gloves)
Will    .....                   (no boots)
Stlth   ..........              j - amulet of guardian spirit
HPRegen 0.12/turn               (no ring)
MPRegen 0.08/turn               (no ring)

@: berserking, very quick
A: powered by pain 1
a: Renounce Religion, Berserk


You were on level 2 of the Dungeon.
You worshipped Trog.
Trog was aware of your devotion.
You visited 1 branch of the dungeon, and saw 2 of its levels.

You collected 64 gold pieces.

Inventory:

Hand Weapons
 a - a +0 hand axe (weapon)
Missiles
 e - 2 poisoned darts (quivered)
 g - 2 boomerangs
Armour
 b - a +0 animal skin (worn)
Jewellery
 j - an amulet of guardian spirit (around neck)
Scrolls
 c - 4 scrolls of teleportation {unknown}
 f - a scroll of noise {unknown}
 h - a scroll of brand weapon {unknown}
 i - a scroll of enchant weapon {unknown}
Potions
 d - a potion of lignification {unknown}


   Skills:
 * Level 3.3 Fighting
 * Level 3.0 Axes
 + Level 2.0 Armour
 - Level 1.7 Dodging


You had one spell level left.
You didn't know any spells.
Your spell library was empty.

Dungeon Overview and Level Annotations

Branches:
Dungeon (2/15)

Altars:


Innate Abilities, Weirdness & Mutations

You sometimes gain a little power by taking damage.


Message History

The gnoll hits you from afar with a +0 halberd. x2
The gnoll hits you from afar with a +1 vampiric spear!
* * * LOW HITPOINT WARNING * * *
You are too injured to fight recklessly!
You are too injured to fight recklessly!
You are too injured to fight recklessly!
You are too injured to fight recklessly!
You are too injured to fight recklessly!
You are too injured to fight recklessly!
You are too injured to fight recklessly!
You are too injured to fight recklessly!
You are too injured to fight recklessly!
You are too injured to fight recklessly!
You are too injured to fight recklessly!
You are too injured to fight recklessly!
You are too injured to fight recklessly!
You are too injured to fight recklessly!
Unknown command.
The giant cockroach bites you but does no damage.
The giant cockroach attacks as you move away!
The giant cockroach barely misses you.
The giant cockroach attacks as you move away!
The giant cockroach bites you but does no damage.
The giant cockroach attacks as you move away!
The giant cockroach bites you.
* * * LOW HITPOINT WARNING * * *
The giant cockroach attacks as you move away!
The giant cockroach barely misses you.
The giant cockroach bites you but does no damage.
A red film seems to cover your vision as you go berserk!
You feel yourself moving faster!
You feel mighty! The giant cockroach barely misses you.
You barely miss the giant cockroach. The giant cockroach barely misses you.
You slash the giant cockroach!
You kill the giant cockroach!
Trog accepts your kill.
You closely miss the gnoll. You closely miss the gnoll.
The gnoll closely misses you.
The gnoll hits you from afar with a +0 halberd!
You die...

#.# #.# #.# ..... #.# .......
#.# ....... #.# ....... #.#
.......################.######
......).S.rJgg@..........>..>#
#.......gg####################
#....$....# #/........#
#........K# #............
#..............
#..............
#..............


You could see 4 gnolls, an endoplasm, a ball python and a rat.

Vanquished Creatures
  A dart slug (D:1)
  2 endoplasms (D:1)
  3 giant cockroaches
  2 goblins (D:1)
  2 hobgoblins (D:1)
  A ball python (D:1)
  2 bats (D:1)
  A frilled lizard (D:1)
  A kobold (D:1)
15 creatures vanquished.

Notes
Turn   | Place    | Note
-------+----------+-------------------------------------------
     0 | D:1      | sammy202020 the Demonspawn Berserker began the quest for
                  | the Orb.
     0 | D:1      | Reached XP level 1. HP: 18/18 MP: 1/1
   503 | D:1      | Gained mutation: You sometimes gain a little power by
                  | taking damage. [demonic ancestry]
   503 | D:1      | Reached XP level 2. HP: 24/24 MP: 2/2
   551 | D:1      | Found a faded altar of an unknown god.
  1278 | D:2      | Slain by a gnoll

Illustrated notes

Levels and vault maps discovered:
D:1:      minmay_arrival_semitransparent, layout_loops_ring,
          shapermc_ecumenical_altar_totnotflames
D:2:      layout_basic, uniq_terence

Skill      XL: |  1  2 |
---------------+-------+-----
Axes           | 3 |  3.0
Armour         | 2 |  2.0
Fighting       | |  3.3
Dodging        | |  1.7

Action                   || total
-------------------------++-------
Melee: Hand axe          ||    67
       Punch             ||     1
Invok: Berserk           ||     1
Armor: Animal skin       ||    23
Dodge: Dodged            ||    56

Table legend: (Time is in decaauts)
 A = Elapsed time spent in this place.
 B = Non-inter-level travel time spent in this place.
 C = Inter-level travel time spent in this place.
 D = Time resting spent in this place.
 E = Time spent auto-exploring this place.
 F = Levels seen in this place.
 G = Mean time per level.
                   A        B        C        D        E       F      G
               +--------+--------+--------+--------+--------+-----+--------+
         Total |   1286 |   1267 |     19 |      0 |   1116 |   2 |  643.0 |
       Dungeon |   1286 |   1267 |     19 |      0 |   1116 |   2 |  643.0 |
               +--------+--------+--------+--------+--------+-----+--------+

Top non-repeatable levels by time:
     D:1: 1219 daAuts
     D:2: 67 daAuts
